 Seeded DCSS version 0.28-a0-1555-g9ae15a6949 (webtiles) character file.

Game seed: 9632949731941055012 (custom seed)

9 knot the Skirmisher (level 2, 21/24 HPs)
             Began as a Demonspawn Berserker on Jan 19, 2022.
             Was a Follower of Trog.
             Quit the game on level 2 of the Dungeon.
             The game lasted 00:00:29 (999 turns).

knot the Skirmisher (Demonspawn Berserker)           Turns: 999, Time: 00:00:30

Health: 21/24      AC:  2    Str: 17    XL:     2   Next: 3%
Magic:  2/2        EV: 12    Int:  8    God:    Trog [*.....]
Gold:   22         SH:  0    Dex: 12    Spells: 1/1 levels left

rFire   . . .      SeeInvis .   d - +0 hand axe (elec)
rCold   + . .      Faith    .   (no shield)
rNeg    . . .      Spirit   .   b - +0 animal skin
rPois   .          Reflect  .   (no helmet)
rElec   .          Harm     .   (no cloak)
rCorr   .          Rampage  .   (no gloves)
Will    .....                   (no boots)
Stlth   +.........              (no amulet)
HPRegen 0.08/turn               c - ring of protection from cold
MPRegen 0.08/turn               (no ring)

@: no status effects
A: foul stench 1
a: Renounce Religion, Berserk


You were on level 2 of the Dungeon.
You worshipped Trog.
Trog was aware of your devotion.
You visited 1 branch of the dungeon, and saw 2 of its levels.

You collected 22 gold pieces.

Inventory:

Hand Weapons
 a - a +0 hand axe
 d - a +0 hand axe of electrocution (weapon)
Missiles
 i - 11 stones (quivered)
 j - 19 bolts
Armour
 b - a +0 animal skin (worn)
Jewellery
 c - a ring of protection from cold (left hand)
Scrolls
 e - a scroll of brand weapon {unknown}
 g - a scroll of immolation {unknown}
Potions
 f - a potion of berserk rage {unknown}
 h - 2 potions of heal wounds {unknown}


   Skills:
 + Level 3.1 Fighting
 + Level 2.8 Axes
 + Level 2.0 Armour
 + Level 2.0 Dodging


You had one spell level left.
You didn't know any spells.
Your spell library was empty.

Dungeon Overview and Level Annotations

Branches:
Dungeon (2/15)

Altars:


Innate Abilities, Weirdness & Mutations

You may rarely emit foul miasma when damaged in melee.


Message History

No target in view!
No target in view!
There is an open door here.
Partly explored, can't reach some places.
Partly explored, can't reach some places.
No target in view!
No target in view!
Partly explored, can't reach some places.
Partly explored, can't reach some places.
(D) Dungeon
Where to? (Enter - D:1 @ (x,y), ? - help)
There is a stone staircase leading down here.
You climb downwards.
The frilled lizard hisses angrily.
Found 3 emerald potions.
There is a stone staircase leading up here.
A frilled lizard is nearby!
A ball python and a frilled lizard come into view.
The frilled lizard hisses angrily.
A rat and a frilled lizard come into view.
You barely miss the frilled lizard.
A bat comes into view.
The frilled lizard bites you but does no damage.
The bat moves out of view.
You hit the frilled lizard.
You kill the frilled lizard!
Trog accepts your kill.
Your Armour skill increases to level 2!
Your Dodging skill increases to level 2!
You hit the ball python.
The ball python is severely wounded.
The ball python bites you. The ball python grabs you.
The ball python constricts you.
You hit the ball python.
You kill the ball python!
Trog accepts your kill.
You have reached level 2!
Your demonic ancestry asserts itself...
You begin to emit a foul stench of rot and decay.
Are you sure you want to abandon this character and quit the game? (Confirm with "yes".)

##... ....⌠
##.... .....
..b#
#####...###.
#...#r!.....
#.<.@l......
#...#.......
#...#######.
#...# #####


You could see a bat, a frilled lizard and a rat.

Vanquished Creatures
  A ball python (D:2)
  2 endoplasms (D:1)
  A goblin (D:1)
  A bat (D:1)
  3 frilled lizards
  A rat (D:1)
9 creatures vanquished.

Notes
Turn   | Place    | Note
-------+----------+-------------------------------------------
     0 | D:1      | knot the Demonspawn Berserker began the quest for the Orb.
     0 | D:1      | Reached XP level 1. HP: 18/18 MP: 1/1
   175 | D:1      | Found a faded altar of an unknown god.
   999 | D:2      | Gained mutation: You may rarely emit foul miasma when
                  | damaged in melee. [demonic ancestry]
   999 | D:2      | Reached XP level 2. HP: 21/24 MP: 2/2
   999 | D:2      | Quit the game

Illustrated notes

Levels and vault maps discovered:
D:1:      minmay_arrival_widening_spiral_wide, layout_basic,
          hellmonk_ecumenical_altar_pennies_from_heaven, minmay_misc_feat_doors,
          supply_closet_lemuel, minmay_misc_feat_nine_boxes,
          minmay_crystal_water
D:2:      layout_basic, basic_altar, hangedman_feature_mirror, minmay_cut_off,
          uniq_jessica

Skill      XL: |  1 |
---------------+----+-----
Armour         | 2 |  2.0
Dodging        | 2 |  2.0
Fighting       | |  3.1
Axes           | |  2.8

Action                   || total
-------------------------++-------
Melee: Hand axe          ||    18
Armor: Animal skin       ||     4
Dodge: Dodged            ||     2

Table legend: (Time is in decaauts)
 A = Elapsed time spent in this place.
 B = Non-inter-level travel time spent in this place.
 C = Inter-level travel time spent in this place.
 D = Time resting spent in this place.
 E = Time spent auto-exploring this place.
 F = Levels seen in this place.
 G = Mean time per level.
                   A        B        C        D        E       F      G
               +--------+--------+--------+--------+--------+-----+--------+
         Total |   1002 |    983 |     19 |      0 |    923 |   2 |  501.0 |
       Dungeon |   1002 |    983 |     19 |      0 |    923 |   2 |  501.0 |
               +--------+--------+--------+--------+--------+-----+--------+

Top non-repeatable levels by time:
     D:1: 995 daAuts
     D:2: 7 daAuts
